 Dungeon Sprint DCSS version 0.27-a0-263-gc8dee61f84 (webtiles) character file.

Game seed: 9609623341094693869

339 mhtbhm the Protected (level 6, -4/64 HPs)
             Began as a Minotaur Fighter on Feb 5, 2021.
             Was a Priest of Trog.
             Slain by an orc warrior
             ... wielding a +0 glaive
              (21 damage)
             ... in the Dungeon (Sprint VII: "The Pits").
             The game lasted 00:01:05 (419 turns).

mhtbhm the Protected (Minotaur Fighter)              Turns: 419, Time: 00:01:06

Health: -4/64      AC: 14    Str: 22    XL:     6   Next: 29%
Magic:  5/5        EV:  7    Int:  5    God:    Trog [***...]
Gold:   0          SH: 11    Dex: 10    Spells: 5/5 levels left

rFire    . . .     SeeInvis .   a - +2 hand axe (freeze)
rCold    . . .     Faith    .   c - +0 kite shield
rNeg     . . .     Spirit   .   b - +3 chain mail
rPois    .         Reflect  .   (helmet restricted)
rElec    .         Harm     .   (no cloak)
rCorr    .         Rampage  .   (no gloves)
Will     .....     NoTele   +   (no boots)
Stlth    ..........             (no amulet)
HPRegen  0.20/turn              (no ring)
MPRegen  0.09/turn              (no ring)

@: berserk cooldown, slowed, very slow
A: retaliatory headbutt, horns 2
a: Renounce Religion, Berserk, Trog's Hand


You were in the Dungeon.
You worshipped Trog.
Trog was most pleased with you.
You visited 1 branch

Inventory:

Hand Weapons
 a - a +2 hand axe of freezing (weapon)
Armour
 b - a +3 chain mail (worn)
 c - a +0 kite shield (worn)
Scrolls
 j - a scroll of blinking
 l - 3 scrolls of remove curse
 m - a scroll of summoning
Potions
 d - a potion of might
 e - 6 potions of curing
 f - 3 potions of heal wounds
 g - a potion of haste
 h - 4 potions of magic
 i - 3 potions of berserk rage
 k - 2 potions of invisibility


   Skills:
 + Level 9.5 Fighting
 + Level 5.5 Axes
 + Level 9.8 Armour
 + Level 1.7 Dodging
 + Level 0.1 Stealth
 + Level 9.0 Shields


You had 5 spell levels left.
You didn't know any spells.
Your spell library was empty.

Dungeon Overview and Level Annotations

Branches:
Dungeon (1/1)

Altars:
Cheibriados
Dithmenos
Elyvilon
Fedhas
Gozag
Hepliaklqana
Makhleb
Nemelex Xobeh
Okawaru
Qazlal
Ru
Sif Muna
Trog
Vehumet
Wu Jian
Xom
Yredelemnul
Zin
The Shining One
Beogh
Jiyva
Lugonu

Annotations:
D Pikel


Innate Abilities, Weirdness & Mutations

You reflexively headbutt those who attack you in melee.
You have a pair of horns on your head.


Message History

You block the lemure's attack.
Okay, then.
You aren't carrying any items that you can evoke.
Unknown command.
You closely miss the lemure. Your headbutt misses the lemure.
The lemure is moderately wounded.
You block the orc warrior's attack. The lemure closely misses you.
The lemure hits you but does no damage.
Unknown command.
You slash the lemure! You freeze the lemure. You headbutt the lemure!
The lemure is almost dead.
The orc warrior completely misses you. You block the lemure's attack.
The orc warrior hits you from afar with a +0 glaive!!
* * * LOW HITPOINT WARNING * * *
You closely miss the lemure. You headbutt the lemure.
You kill the lemure!
That felt strangely unrewarding.
Your skin stops crawling.
You feel less strong-willed.
The orc warrior hits you from afar with a +0 glaive!!
You die...

________.#
______...#######
##########'##.....
#.?(.')))'.##.....
##########.##.....
#...........'.....
#'#####)#####.....
#.#...#.#.[##.....
#@#...#.#)[#####'#
#.#...).#))##.....
#o##'####))##.....
#K#..)..#..##.....
#o#.....#'###...<.
#.#........##.....
#o#........##.....
#o###########.....
#...o...# ######


You could see Pikel, an orc warrior, an orc priest and 2 orcs.

Vanquished Creatures
  A water moccasin (D)
  A floating eye (D)
  An ice beast (D)
  4 lemures (D)
  A worker ant (D)
  A river rat (D)
  An adder skeleton (D)
  2 orcs (D)
  2 goblins (D)
  2 jackals (D)
  2 rats (D)
18 creatures vanquished.

Notes
Turn   | Place    | Note
-------+----------+-------------------------------------------
     0 | D        | mhtbhm the Minotaur Fighter began the quest for the Orb.
     0 | D        | Reached XP level 1. HP: 19/19 MP: 0/0
     8 | D        | Noticed a floating eye
    10 | D        | Paralysed by a floating eye for 4 turns
    14 | D        | Killed a floating eye
    15 | D        | Reached XP level 2. HP: 31/31 MP: 1/1
    15 | D        | Reached XP level 3. HP: 38/38 MP: 2/2
    15 | D        | Reached XP level 4. HP: 45/45 MP: 3/3
    19 | D        | Found a bloodstained altar of Trog.
    19 | D        | Found a shimmering blue altar of Sif Muna.
    19 | D        | Found a viscous altar of Jiyva.
    19 | D        | Found a hazy altar of Hepliaklqana.
    19 | D        | Found an opulent altar of Gozag.
    20 | D        | Found a glowing golden altar of the Shining One.
    20 | D        | Found a glowing silver altar of Zin.
    20 | D        | Found a basalt altar of Yredelemnul.
    20 | D        | Found a shimmering altar of Xom.
    20 | D        | Found an ornate altar of the Wu Jian Council.
    20 | D        | Found a sacrificial altar of Ru.
    20 | D        | Found a stormy altar of Qazlal.
    20 | D        | Found an iron altar of Okawaru.
    20 | D        | Found a sparkling altar of Nemelex Xobeh.
    20 | D        | Found a burning altar of Makhleb.
    20 | D        | Found a blossoming altar of Fedhas.
    20 | D        | Found a white marble altar of Elyvilon.
    20 | D        | Found a shadowy altar of Dithmenos.
    20 | D        | Found a snail-covered altar of Cheibriados.
    22 | D        | Found a radiant altar of Vehumet.
    22 | D        | Found a corrupted altar of Lugonu.
    22 | D        | Found a roughly hewn altar of Beogh.
    24 | D        | Became a worshipper of Trog the Wrathful
    68 | D        | Reached * piety under Trog
   144 | D        | Reached ** piety under Trog
   147 | D        | Reached XP level 5. HP: 34/52 MP: 4/4
   147 | D        | Noticed an ice beast
   156 | D        | Killed an ice beast
   157 | D        | Reached skill level 1 in Dodging
   380 | D        | Noticed a lemure
   380 | D        | Noticed a lemure
   380 | D        | Noticed a water moccasin
   384 | D        | Noticed a lemure
   386 | D        | Noticed a lemure
   389 | D        | Killed a lemure
   391 | D        | Killed a water moccasin
   391 | D        | Reached *** piety under Trog
   392 | D        | Reached skill level 5 in Axes
   392 | D        | Reached XP level 6. HP: 64/64 MP: 5/5
   392 | D        | Noticed Pikel
   394 | D        | Noticed an orc warrior
   419 | D        | Slain by an orc warrior

Illustrated notes

Levels and vault maps discovered:
D:        pitsprint [storerooms_1, entrance_room_1, metal_vault_3, armoury_1,
          mini_pit_1, grid_room_1, main_hall_1, silver_pit, the_coven_1,
          the_vestibule_1, steel_vault_3, golden_pit, hallway_of_sentries,
          crystal_vault_4, iron_vault_4, final_vault]

Skill      XL: |  1  2  3  4  5 |
---------------+----------------+-----
Fighting       | 6 7 9 |  9.5
Axes           | 3 4 5 |  5.5
Armour         | 6 7 9 |  9.8
Shields        | 6 7 9 |  9.0
Dodging        | 1 |  1.7
Stealth        | |  0.1

Action                   |  1- 3 |  4- 6 || total
-------------------------+-------+-------++-------
Melee: Headbutt          |     2 |    14 ||    16
       War axe           |     2 |       ||     2
       Hand axe          |       |    43 ||    43
Invok: Berserk           |       |     2 ||     2
       Trog's Hand       |       |     1 ||     1
  Use: Potion            |       |     3 ||     3
Armor: Scale mail        |       |     7 ||     7
       Chain mail        |       |    14 ||    14
Dodge: Dodged            |       |    10 ||    10
Block: Kite shield       |       |    25 ||    25

Table legend: (Time is in decaauts)
 A = Elapsed time spent in this place.
 B = Non-inter-level travel time spent in this place.
 C = Inter-level travel time spent in this place.
 D = Time resting spent in this place.
 E = Time spent auto-exploring this place.
 F = Levels seen in this place.
 G = Mean time per level.
                   A        B        C        D        E       F      G
               +--------+--------+--------+--------+--------+-----+--------+
         Total |    439 |    439 |      0 |     94 |    159 |   1 |  439.0 |
       Dungeon |    439 |    439 |      0 |     94 |    159 |   1 |  439.0 |
               +--------+--------+--------+--------+--------+-----+--------+

Top non-repeatable levels by time:
       D: 439 daAuts
